 Dungeon Crawl Stone Soup version 0.25-a0-583-g696c2ac (webtiles) character file.

Game seed: 13811112242520474282, levelgen mode: deterministic

8869 Faels the Slicer (level 11, 75/75 HPs)
             Began as a Demonspawn Fighter on Mar 7, 2020.
             Was a Priest of Okawaru.
             Quit the game on level 11 of the Dungeon.
             The game lasted 00:32:04 (12014 turns).

Faels the Slicer (Demonspawn Fighter)              Turns: 12014, Time: 00:32:04

Health: 75/75      AC: 14    Str: 16    XL:     11   Next: 15%
Magic:  9/11       EV: 13    Int:  9    God:    Okawaru [***...]
Gold:   576        SH: 12    Dex: 20    Spells: 10/10 levels left

rFire    + . .     SeeInvis .   x - +5 falchion (elec)
rCold    . . .     Gourm    .   c - +3 kite shield
rNeg     + . .     Faith    +   o - +2 ring mail {rF+}
rPois    .         Spirit   .   p - +0 helmet
rElec    .         Reflect  .   (no cloak)
rCorr    .         Harm     .   D - +2 pair of gloves {Dex+3}
MR       ++...                  (boots unavailable)
Stlth    ++........             I - amulet of faith
HPRegen  0.22/turn              g - ring of positive energy
MPRegen  0.12/turn              G - ring of protection from magic

@: no status effects
A: talons 3, slimy green scales 2, deterioration 2, magic resistance 1,
nightstalker 1
a: Heroism, Renounce Religion


You were on level 11 of the Dungeon.
You worshipped Okawaru.
Okawaru was most pleased with you.
You were very hungry.

You visited 2 branches of the dungeon, and saw 12 of its levels.

You collected 576 gold pieces.

Inventory:

Hand Weapons
 d - a +2 short sword of venom
 h - a cursed +4 short sword of freezing
 x - a +5 falchion of electrocution (weapon)
 N - a +2 spear
 R - a +1 falchion of protection
 Z - the +5 flail "Luibrik" {freeze, +Rage Dex-2 SInv}
   (You found it on level 11 of the Dungeon)

   It has been specially enchanted to freeze those struck by it, causing extra
   injury to most foes and up to half again as much damage against particularly
   susceptible opponents.
   It can also slow down cold-blooded creatures.
   It affects your dexterity (-2).
   It lets you see invisible.
   It lets you go berserk.
Missiles
 s - 6 throwing nets
 u - 17 poisoned darts (quivered)
 S - 5 boomerangs
 V - 8 javelins
Armour
 c - a +3 kite shield (worn)
 o - a +2 ring mail of fire resistance (worn)
 p - a +0 helmet (worn)
 y - a +0 leather armour of fire resistance
 D - a +2 pair of gloves of dexterity (worn)
Jewellery
 g - a ring of positive energy (left hand)
 n - an uncursed ring of wizardry
 q - an uncursed ring of stealth
 G - a ring of protection from magic (right hand)
 I - an amulet of faith (around neck)
 X - an uncursed ring of protection from magic
Wands
 a - a wand of digging (4)
 F - a wand of paralysis (9)
 H - a wand of scattershot (15)
 U - a wand of iceblast (8)
 Y - a wand of flame (9)
Scrolls
 b - a scroll of torment {unknown}
 e - 9 scrolls of remove curse
 i - 3 scrolls of noise
 l - 5 scrolls of teleportation
 t - 2 scrolls of magic mapping
 C - a scroll of random uselessness {unknown}
 J - 3 scrolls of fear {unknown}
 L - a scroll of blinking {unknown}
 M - a scroll of amnesia {unknown}
 O - a scroll of immolation {unknown}
Potions
 j - 4 potions of heal wounds
 k - 5 potions of brilliance
 m - 2 potions of flight
 r - 7 potions of curing
 v - 2 potions of stabbing
 z - 3 potions of cancellation
 A - a potion of resistance {unknown}
 B - 3 potions of lignification
 E - a potion of invisibility {unknown}
 Q - a potion of berserk rage {unknown}
 T - 2 potions of haste {unknown}
 W - a potion of magic {unknown}
Comestibles
 f - 22 rations


   Skills:
 - Level 3.0 Fighting
 - Level 11.4(12.3) Short Blades
 * Level 7.7(10.6) Long Blades
 - Level 3.8 Throwing
 - Level 2.6 Armour
 - Level 6.7 Dodging
 - Level 2.6 Shields


You had 10 spell levels left.
You didn't know any spells.
Your spell library contained the following spells:

 Spells                   Type           Power        Failure   Level  Hunger
 Beastly Appendage        Tmut           #.....       98%         1    ##.....
 Shock                    Conj/Air       #...         98%         1    ##.....
 Sticks to Snakes         Tmut           #.......     99%         2    ###....
 Swiftness                Chrm/Air       #.......     99%         2    ###....
 Spider Form              Tmut/Pois      #.........   100%        3    ####...
 Static Discharge         Conj/Air       #.......     100%        3    ####...
 Airstrike                Air            #.........   100%        4    #####..
 Ice Form                 Ice/Tmut       #.......     100%        4    #####..
 Blade Hands              Tmut           #.........   100%        5    ######.
 Lightning Bolt           Conj/Air       #.........   100%        5    ######.


Dungeon Overview and Level Annotations

Branches:
Dungeon (11/15)            Temple (1/1) D:7            Lair (0/6) D:11
    Orc (0/2) D:9

Altars:
Ashenzari
Cheibriados
Dithmenos
Elyvilon
Fedhas
Gozag
Hepliaklqana
Kikubaaqudgha
Makhleb
Nemelex Xobeh
Okawaru
Qazlal
Ru
Sif Muna
Trog
Uskayaw
Vehumet
Wu Jian
Xom
Yredelemnul
Zin
The Shining One
Beogh

Shops:
D:9 %


Innate Abilities, Weirdness & Mutations

You have claws for feet.
You are mostly covered in slimy green scales. (AC +3)
You are slightly more attuned to the shadows.
Your body often deteriorates upon taking damage.
You are resistant to hostile enchantments. (MR+)


Message History

Drop what? 52/52 slots (_ for help) (? for menu, Esc to quit)
You drop a ring of wizardry.
Drop what? 51/52 slots (_ for help) (? for menu, Esc to quit)
You drop a ring of stealth.
K - a scroll of identify
As you read the scroll of identify, it crumbles to dust.
w - 2 potions of mutation Really quaff the potion of mutation?
You feel extremely strange.
You feel yourself wasting away.
You feel less energetic.
You feel your body start to fall apart.
You feel your magical essence link to the dungeon's wands.
Really quaff the potion of mutation?
You feel extremely strange.
Your magical essence no longer links to wands of the dungeon.
You feel more energetic.
You feel resistant to hostile enchantments.
Things that are here:
a ring of stealth; a ring of wizardry Are you sure you want to abandon this character and quit the game? (Confirm with "yes".)

####### #.. ..#
#.# #.#
###.###.###
#..@......
#.#.###.##
#.......#
##.###.##
##.###.####
#.........######
#.#######......#
#.8 #......#
#.#######..##..#


There were no monsters in sight!

Vanquished Creatures
  A two-headed ogre (D:10)
  A deep elf mage (D:9)
  An ugly thing (D:11)
  A hornet (D:11)
  3 trolls
  2 hippogriffs (D:11)
  10 yaks (D:9)
  3 porcupines (D:11)
  An ice beast (D:9)
  2 phantoms
  4 black bears
  9 orc warriors
  A necrophage (D:11)
  5 ogres
  2 wolves (D:11)
  2 centaurs (D:9)
  3 crocodiles (D:11)
  A big kobold (D:8)
  4 bullfrogs
  A water moccasin zombie (D:11)
  3 killer bees (D:7)
  9 wights
  A howler monkey (D:11)
  A centaur zombie (D:7)
  5 crimson imps
  A jelly (D:9)
  5 hounds
  4 orc wizards
  3 orc priests
  An iron imp (D:6)
  2 centaur skeletons
  2 iguanas
  3 worker ants
  A killer bee zombie (D:9)
  2 worker ant zombies (D:7)
  A howler monkey zombie (D:5)
  11 adders
  2 shadow imps
  2 adder skeletons
  A worm (D:4)
  4 dart slugs
  A leopard gecko (D:8)
  44 orcs
  5 ball pythons
  7 bats
  8 giant cockroaches
  4 goblins
  16 hobgoblins
  9 jackals
  12 kobolds
  3 quokkas
  9 frilled lizards
  A jackal skeleton (D:4)
  11 rats
251 creatures vanquished.

Vanquished Creatures (others)
  A rat (D:1)
  A fungus (D:11)
  6 plants (D:11)
8 creatures vanquished.

Grand Total: 259 creatures vanquished

Notes
Turn   | Place    | Note
-------+----------+-------------------------------------------
     0 | D:1      | Faels the Demonspawn Fighter began the quest for the Orb.
     0 | D:1      | Reached XP level 1. HP: 18/18 MP: 1/1
   171 | D:1      | Reached skill level 2 in Short Blades
   245 | D:1      | Gained mutation: You have sharp toenails. [demonic
                  | ancestry]
   245 | D:1      | Reached XP level 2. HP: 12/24 MP: 2/2
   562 | D:1      | Upgraded the game from 0.25-a0-578-gc91f01c to
                  | 0.25-a0-583-g696c2ac
   589 | D:1      | Reached skill level 1 in Dodging
   936 | D:1      | Reached XP level 3. HP: 29/29 MP: 3/3
   950 | D:1      | Reached skill level 3 in Short Blades
  1611 | D:2      | Gained mutation: You are slightly more attuned to the
                  | shadows. [demonic ancestry]
  1611 | D:2      | Reached XP level 4. HP: 35/35 MP: 4/4
  1689 | D:2      | Found a white marble altar of Elyvilon.
  2192 | D:3      | Noticed a bullfrog
  2200 | D:3      | Killed a bullfrog
  2200 | D:3      | Reached skill level 4 in Short Blades
  2200 | D:3      | Gained mutation: You are partially covered in slimy green
                  | scales. (AC +2) [demonic ancestry]
  2200 | D:3      | Reached XP level 5. HP: 35/41 MP: 5/5
  3672 | D:4      | Found a burning altar of Makhleb.
  3686 | D:4      | Reached skill level 5 in Short Blades
  3686 | D:4      | Reached XP level 6. HP: 47/47 MP: 6/6
  3860 | D:5      | Entered Level 5 of the Dungeon
  4102 | D:5      | Reached skill level 1 in Throwing
  4119 | D:5      | Reached skill level 6 in Short Blades
  4119 | D:5      | Gained mutation: You have razor-sharp toenails. [demonic
                  | ancestry]
  4119 | D:5      | Reached XP level 7. HP: 30/52 MP: 7/7
  4625 | D:6      | Found a snail-covered altar of Cheibriados.
  4983 | D:6      | Found a shadowy altar of Dithmenos.
  5250 | D:7      | Reached skill level 7 in Short Blades
  5492 | D:7      | Gained mutation: You are mostly covered in slimy green
                  | scales. (AC +3) [demonic ancestry]
  5492 | D:7      | Reached XP level 8. HP: 56/58 MP: 8/8
  5740 | D:7      | Got a crude robe
  6029 | D:7      | Reached skill level 8 in Short Blades
  6213 | D:7      | Identified the +2 robe of Tender Moments {+Blink Dex+2}
                  | (You found it on level 7 of the Dungeon)
  6323 | D:7      | Found a staircase to the Ecumenical Temple.
  6329 | Temple   | Entered the Ecumenical Temple
  7202 | D:8      | Found a glowing golden altar of the Shining One.
  7362 | D:8      | Found a shimmering blue altar of Sif Muna.
  7602 | D:8      | Found an ornate altar of the Wu Jian Council.
  7735 | D:8      | Found a radiant altar of Vehumet.
  7782 | D:8      | Reached skill level 9 in Short Blades
  7881 | D:8      | Gained mutation: You have claws for feet. [demonic
                  | ancestry]
  7881 | D:8      | Reached XP level 9. HP: 63/63 MP: 9/9
  8070 | D:9      | Found a shattered altar of Ashenzari.
  8243 | D:9      | Reached skill level 5 in Dodging
  8255 | D:9      | Reached skill level 10 in Short Blades
  8375 | D:9      | Found Woineol's Food Shoppe.
  8857 | D:9      | Found an iron altar of Okawaru.
  8864 | D:9      | Became a worshipper of Warmaster Okawaru
  8920 | D:9      | Noticed a deep elf mage
  8931 | D:9      | Killed a deep elf mage
  8931 | D:9      | Reached skill level 11 in Short Blades
  8931 | D:9      | Reached XP level 10. HP: 70/70 MP: 10/10
  9242 | D:9      | Reached * piety under Okawaru
  9622 | D:9      | Found a roughly hewn altar of Beogh.
  9622 | D:9      | Found a staircase to the Orcish Mines.
  9694 | D:10     | Entered Level 10 of the Dungeon
 10131 | D:10     | Noticed a two-headed ogre
 10136 | D:10     | Killed a two-headed ogre
 10994 | D:10     | Reached ** piety under Okawaru
 11178 | D:11     | Reached skill level 5 in Long Blades
 11314 | D:11     | Reached *** piety under Okawaru
 11440 | D:11     | Reached XP level 11. HP: 75/75 MP: 11/11
 11671 | D:11     | Found a staircase to the Lair.
 11683 | D:11     | Noticed a brown ugly thing
 11694 | D:11     | Killed a brown ugly thing
 11713 | D:11     | Got a polished flail
 11732 | D:11     | Identified the +5 flail "Luibrik" {freeze, +Rage Dex-2
                  | SInv} (You found it on level 11 of the Dungeon)
 12011 | D:11     | Gained mutation: Your body sometimes deteriorates upon
                  | taking damage. [potion of mutation]
 12011 | D:11     | Gained mutation: Your magical capacity is low. (-10% MP)
                  | [potion of mutation]
 12011 | D:11     | Gained mutation: Your body often deteriorates upon taking
                  | damage. [potion of mutation]
 12011 | D:11     | Gained mutation: You expend magic power (3 MP) to
                  | strengthen your wands. [potion of mutation]
 12012 | D:11     | Lost mutation: You expend magic power (3 MP) to strengthen
                  | your wands. [potion of mutation]
 12012 | D:11     | Lost mutation: Your magical capacity is low. (-10% MP)
                  | [potion of mutation]
 12012 | D:11     | Gained mutation: You are resistant to hostile enchantments.
                  | (MR+) [potion of mutation]
 12014 | D:11     | Quit the game

Levels and vault maps discovered:
D:1:      eino_arrival_druids_welcome, layout_basic, solitary_fountain,
          minivault_4, lemuel_flame_loot_1
D:2:      layout_basic, elyvilon_altar_4
D:3:      layout_basic, first_ration, minmay_shallow_snake_nest
D:4:      layout_basic, makhleb_grotto_becter
D:5:      layout_loops_ring
D:6:      layout_rooms, nicolae_dithmenos_through_a_glass_darkly, slow_altar_1
D:7:      minmay_general_purpose_star, layout_basic, minmay_temple_entry_hall
D:8:      layout_loops_cross, vehumet_crystals, nicolae_overflow_crystal_walls,
          overflow_temple_1_default, old_standard_altar
D:9:      layout_basic, okawaru_gym_becter, marbit_many_paths, david_orc_5,
          serial_shops, shop, guppyfry_early_elven_hall
D:10:     layout_basic, grunt_ogre_cave
D:11:     layout_loops_cross, minmay_lair_entry_grove, grunt_decor_cap,
          lemuel_statue_altar
Temple:   minmay_temple_forest_path

Skill      XL: |  1  2  3  4  5  6  7  8  9 10 11 |
---------------+----------------------------------+-----
Short Blades   | 2 3 4 5 6 7 9 11 | 11.4
Dodging        | 1 2 3 4 6 |  6.7
Throwing       | 1 2 3 |  3.8
Long Blades    | 6 7 |  7.7
Fighting       | |  3.0
Armour         | |  2.6
Shields        | |  2.6

Action                   |  1- 3 |  4- 6 |  7- 9 | 10-12 || total
-------------------------+-------+-------+-------+-------++-------
Melee: Rapier            |   129 |     1 |       |       ||   130
       Kick              |    17 |    54 |   151 |    92 ||   314
       Short sword       |       |   157 |   364 |   111 ||   632
       Falchion          |       |       |       |   130 ||   130
Throw: Dart              |       |     3 |    10 |    10 ||    23
Invok: Heroism           |       |       |       |     2 ||     2
  Use: Scroll            |     5 |     2 |     6 |    11 ||    24
       Potion            |     1 |       |     3 |     2 ||     6
 Stab: Sleeping          |       |     8 |     7 |     1 ||    16
       Distracted        |       |       |       |     2 ||     2
  Eat: Chunk             |     2 |     8 |    12 |     9 ||    31
       Ration            |       |       |     1 |       ||     1
Armor: Scale mail        |    43 |       |       |       ||    43
       Ring mail         |    17 |    48 |    72 |    47 ||   184
Dodge: Dodged            |    38 |    39 |    89 |    73 ||   239
Block: Kite shield       |    50 |    46 |   101 |   102 ||   299
       Rpst.: Falchion   |       |       |       |     7 ||     7

Table legend:
 A = Non-vault XP
 B = Vault XP
 C = Vault XP percentage of total XP
 D = Non-vault monster count
 E = Vault monster count
 F = Vault count percentage of total count
                 A         B        C        D         E       F
            +---------+---------+-------+---------+---------+-------
      Total |    8493 |    4178 |  33.0 |     208 |      43 |  17.1
            +---------+---------+-------+---------+---------+-------
        D:1 |      45 |       0 |   0.0 |      27 |       0 |   0.0
        D:2 |      75 |       2 |   2.6 |      28 |       1 |   3.4
        D:3 |     145 |      17 |  10.5 |      26 |       4 |  13.3
        D:4 |     130 |      48 |  27.0 |      16 |       1 |   5.9
        D:5 |     385 |       0 |   0.0 |       7 |       0 |   0.0
        D:6 |     265 |      40 |  13.1 |       4 |       1 |  20.0
        D:7 |     922 |     120 |  11.5 |      31 |       2 |   6.1
        D:8 |     620 |       0 |   0.0 |      20 |       0 |   0.0
        D:9 |    2410 |    1714 |  41.6 |      18 |      22 |  55.0
       D:10 |     855 |     899 |  51.3 |       9 |       1 |  10.0
       D:11 |    2641 |    1338 |  33.6 |      22 |      11 |  33.3
            +---------+---------+-------+---------+---------+-------
